TOP OF THE 1ST |
Baltimore Orioles batting - Pitching for Houston Astros : RHP Moises Hernandez Jr.
|
Pitching: RHP Moises Hernandez Jr.
|
|
Batting: SHB Aldo Questi
|
0-0: Ball 1-0: Called Strike 1-1: Swinging Strike 1-2: Foul Ball, location: 2F 1-2: Ball 2-2: Foul Ball, location: 2F 2-2: Foul Ball, location: 2F 2-2: Ball 3-2: Foul Ball, location: 2F 3-2: Base on Balls
|
Batting: SHB Jason Hayes
|
0-0: Swinging Strike 0-1: Ball 1-1: Foul Ball, location: 2F 1-2: Ball 2-2: Fly out, F7 (Flyball, 78M, EV 91.2 MPH)
|
Batting: RHB Saimei Kudo
|
0-0: Ball 1-0: Foul Ball, location: 2F 1-1: Ball 2-1: Fly out, F8 (Flyball, 8LM, EV 95.6 MPH)
|
Batting: RHB Rudo Garciaparra
|
0-0: Called Strike 0-1: Swinging Strike 0-2: Fly out, F8 (Flyball, 8LD, EV 100.0 MPH)
|
Top of the 1st over - 0 runs, 0 hits, 0 errors, 1 left on base; Baltimore 0 - Houston 0 |
BOTTOM OF THE 1ST |
Houston Astros batting - Pitching for Baltimore Orioles : LHP Lennart Hjelm
|
Pitching: LHP Lennart Hjelm
|
|
Batting: SHB Joe Gardner
|
0-0: Called Strike 0-1: Fly out, F7 (Flyball, 78S, EV 89.4 MPH)
|
Batting: LHB Danny Wolver
|
0-0: Called Strike 0-1: Foul Ball, location: 2F 0-2: Strikes out swinging
|
Batting: RHB Jeremy Trump
|
0-0: Called Strike 0-1: Ball 1-1: Ball 2-1: Ball 3-1: Called Strike 3-2: Base on Balls
|
Batting: LHB Eric Katz
|
0-0: Ball 1-0: Called Strike 1-1: Fly out, F7 (Flyball, 7S, EV 88.8 MPH)
|
Bottom of the 1st over - 0 runs, 0 hits, 0 errors, 1 left on base; Baltimore 0 - Houston 0 |
TOP OF THE 2ND |
Baltimore Orioles batting - Pitching for Houston Astros : RHP Moises Hernandez Jr.
|
Batting: SHB Robbie Rogers
|
0-0: Ball 1-0: Ground out 6-3 (Groundball, 6M, EV 80.6 MPH)
|
Batting: LHB Brent Albertson
|
0-0: Ball 1-0: Swinging Strike 1-1: Foul Ball, location: 2F 1-2: Foul Ball, location: 2F 1-2: Strikes out swinging
|
Batting: RHB Nick Rigden
|
0-0: Called Strike 0-1: Foul Ball, location: 2F 0-2: Ground out 5-3 (Groundball, 56S, EV 66.9 MPH)
|
Top of the 2nd over - 0 runs, 0 hits, 0 errors, 0 left on base; Baltimore 0 - Houston 0 |
BOTTOM OF THE 2ND |
Houston Astros batting - Pitching for Baltimore Orioles : LHP Lennart Hjelm
|
Batting: LHB Mark Dearth
|
0-0: Called Strike 0-1: Called Strike 0-2: Ball 1-2: Ball 2-2: Strikes out swinging
|
Batting: RHB Kyle Davis
|
0-0: Ball 1-0: Ball 2-0: Foul Ball, location: 2F 2-1: Foul Ball, location: 2F 2-2: Ball 3-2: Foul Ball, location: 2F 3-2: Ground out U3 (Groundball, 34, EV 88.8 MPH)
|
Batting: LHB Jack Christie
|
0-0: Ground out 6-3 (Groundball, 6M, EV 81.2 MPH)
|
Bottom of the 2nd over - 0 runs, 0 hits, 0 errors, 0 left on base; Baltimore 0 - Houston 0 |
TOP OF THE 3RD |
Baltimore Orioles batting - Pitching for Houston Astros : RHP Moises Hernandez Jr.
|
Batting: RHB Travis Leonard
|
0-0: Ground out 6-3 (Groundball, 6, EV 101.9 MPH)
|
Batting: RHB Steve Jones
|
0-0: Swinging Strike 0-1: Ball 1-1: Ball 2-1: Swinging Strike 2-2: Foul Ball, location: 2F 2-2: Foul Ball, location: 2F 2-2: Foul Ball, location: 2F 2-2: Ball 3-2: Base on Balls
|
Batting: SHB Aldo Questi
|
0-0: Ball 1-0: TRIPLE (Flyball, 78XD, EV 111.2 MPH) Steve Jones scores
|
Batting: SHB Jason Hayes
|
0-0: Ball 1-0: Ball 2-0: Called Strike 2-1: Fly out, F7 (Line Drive, 78M, EV 103.1 MPH) Runner from 3rd tags up, SCORES, throw by LF
|
Batting: RHB Saimei Kudo
|
0-0: Ball 1-0: Ground out 4-3 (Groundball, 4, EV 86.2 MPH)
|
Top of the 3rd over - 2 runs, 1 hit, 0 errors, 0 left on base; Baltimore 2 - Houston 0 |
BOTTOM OF THE 3RD |
Houston Astros batting - Pitching for Baltimore Orioles : LHP Lennart Hjelm
|
Batting: LHB Josh Birkner
|
0-0: Called Strike 0-1: Fly out, F8 (Flyball, 8LXD, EV 106.2 MPH)
|
Batting: SHB Paskar Adegoke
|
0-0: DOUBLE (Flyball, 8RXD, EV 106.2 MPH)
|
Batting: SHB Joe Gardner
|
0-0: Called Strike 0-1: Ground out U3 (Groundball, 34S, EV 88.8 MPH) Paskar Adegoke to third
|
Batting: LHB Danny Wolver
|
0-0: Ball 1-0: Swinging Strike 1-1: Ball 2-1: 2-RUN HOME RUN (Flyball, 9D, EV 100.6 MPH), Distance : 402 ft
|
Batting: RHB Jeremy Trump
|
0-0: Ball 1-0: Ball 2-0: Foul Ball, location: 2F 2-1: Ball 3-1: Foul Ball, location: 2F 3-2: Fly out, F9 (Line Drive, 9LM, EV 85.6 MPH)
|
Bottom of the 3rd over - 2 runs, 2 hits, 0 errors, 0 left on base; Baltimore 2 - Houston 2 |
TOP OF THE 4TH |
Baltimore Orioles batting - Pitching for Houston Astros : RHP Moises Hernandez Jr.
|
Batting: RHB Rudo Garciaparra
|
0-0: Ball 1-0: Foul Ball, location: 2F 1-1: Ball 2-1: Fly out, F8 (Flyball, 8LD, EV 83.8 MPH)
|
Batting: SHB Robbie Rogers
|
0-0: Foul Ball, location: 2F 0-1: SOLO HOME RUN (Flyball, 9LD, EV 90.6 MPH), Distance : 332 ft
|
Batting: LHB Brent Albertson
|
0-0: Fly out, F7 (Flyball, 7LD, EV 106.2 MPH)
|
Batting: RHB Nick Rigden
|
0-0: Ball 1-0: Foul Ball, location: 2F 1-1: Ball 2-1: Ball 3-1: Base on Balls
|
Batting: RHB Travis Leonard
|
0-0: Swinging Strike 0-1: Ball 1-1: Called Strike 1-2: Ball 2-2: Ball 3-2: Ground out 6-3 (Groundball, 6, EV 103.8 MPH)
|
Top of the 4th over - 1 run, 1 hit, 0 errors, 1 left on base; Baltimore 3 - Houston 2 |
BOTTOM OF THE 4TH |
Houston Astros batting - Pitching for Baltimore Orioles : LHP Lennart Hjelm
|
Batting: LHB Eric Katz
|
0-0: Foul Ball, location: 2F 0-1: Ball 1-1: SOLO HOME RUN (Flyball, 7D, EV 97.5 MPH), Distance : 384 ft
|
Batting: LHB Mark Dearth
|
0-0: Ball 1-0: Ball 2-0: Called Strike 2-1: Ground out 5-3 (Groundball, 56S, EV 60.0 MPH)
|
Batting: RHB Kyle Davis
|
0-0: Ball 1-0: Ball 2-0: Ball 3-0: Called Strike 3-1: Foul Ball, location: 2F 3-2: Base on Balls
|
Batting: LHB Jack Christie
|
0-0: Called Strike 0-1: Foul Ball, location: 2F 0-2: Strikes out looking
|
Batting: LHB Josh Birkner
|
0-0: Swinging Strike 0-1: Swinging Strike 0-2: Ball 1-2: Strikes out swinging
|
Bottom of the 4th over - 1 run, 1 hit, 0 errors, 1 left on base; Baltimore 3 - Houston 3 |
TOP OF THE 5TH |
Baltimore Orioles batting - Pitching for Houston Astros : RHP Moises Hernandez Jr.
|
Batting: RHB Steve Jones
|
0-0: Ball 1-0: Fly out, F8 (Flyball, 78M, EV 94.4 MPH)
|
Batting: SHB Aldo Questi
|
0-0: Ball 1-0: Foul Ball, location: 2F 1-1: Foul Ball, location: 2F 1-2: Ball 2-2: Ball 3-2: Strikes out looking
|
Batting: SHB Jason Hayes
|
0-0: Foul Ball, location: 2F 0-1: SINGLE (Flyball, 6D, EV 92.5 MPH)
|
Batting: RHB Saimei Kudo
|
0-0: Called Strike Jason Hayes steals 2nd base 0-1: Foul Ball, location: 2F 0-2: Ball 1-2: Ground out 5-3 (Groundball, 56, EV 78.1 MPH)
|
Top of the 5th over - 0 runs, 1 hit, 0 errors, 1 left on base; Baltimore 3 - Houston 3 |
BOTTOM OF THE 5TH |
Houston Astros batting - Pitching for Baltimore Orioles : LHP Lennart Hjelm
|
Batting: SHB Paskar Adegoke
|
0-0: Called Strike 0-1: Foul Ball, location: 2F 0-2: Foul Ball, location: 2F 0-2: SOLO HOME RUN (Flyball, 7LD, EV 93.8 MPH), Distance : 356 ft
|
Batting: SHB Joe Gardner
|
0-0: Ball 1-0: Called Strike 1-1: Ball 2-1: Ball 3-1: Reached on error, E6 (Flyball, 56D, EV 88.1 MPH)
|
Batting: LHB Danny Wolver
|
0-0: SINGLE (Groundball, 34, EV 103.1 MPH) Joe Gardner to second Runner from 2nd tries for 3rd, SAFE, throw by RF made at trailing runner, OUT! 9-6
|
Batting: RHB Jeremy Trump
|
0-0: Ball 1-0: Swinging Strike 1-1: Called Strike 1-2: Hit by Pitch
|
Batting: LHB Eric Katz
|
0-0: Ball 1-0: Hit by Pitch Jeremy Trump to second
|
Batting: LHB Mark Dearth
|
0-0: Ball 1-0: Grounds into double play, 3-6-1 (Groundball, 3, EV 105.0 MPH)
|
Bottom of the 5th over - 1 run, 2 hits, 1 error, 2 left on base; Baltimore 3 - Houston 4 |
TOP OF THE 6TH |
Baltimore Orioles batting - Pitching for Houston Astros : RHP Moises Hernandez Jr.
|
Batting: RHB Rudo Garciaparra
|
0-0: Called Strike 0-1: Called Strike 0-2: Ball 1-2: Fly out, F7 (Line Drive, 7, EV 94.4 MPH)
|
Batting: SHB Robbie Rogers
|
0-0: Fly out, F9 (Flyball, 9LS, EV 85.0 MPH)
|
Batting: LHB Brent Albertson
|
0-0: Ball 1-0: Fly out, F7 (Flyball, 7LSF, EV 89.4 MPH)
|
Top of the 6th over - 0 runs, 0 hits, 0 errors, 0 left on base; Baltimore 3 - Houston 4 |
BOTTOM OF THE 6TH |
Houston Astros batting - Pitching for Baltimore Orioles : LHP Lennart Hjelm
|
Batting: RHB Kyle Davis
|
0-0: Ball 1-0: Swinging Strike 1-1: Ball 2-1: Ball 3-1: Ground out 4-3 (Groundball, 4, EV 83.1 MPH)
|
Batting: LHB Jack Christie
|
0-0: Ball 1-0: Swinging Strike 1-1: Swinging Strike 1-2: Strikes out swinging
|
Batting: LHB Josh Birkner
|
0-0: Hit by Pitch
|
Batting: SHB Paskar Adegoke
|
0-0: Called Strike 0-1: Ground out 1-3 (Groundball, 34S, EV 72.5 MPH)
|
Bottom of the 6th over - 0 runs, 0 hits, 0 errors, 1 left on base; Baltimore 3 - Houston 4 |
TOP OF THE 7TH |
Baltimore Orioles batting - Pitching for Houston Astros : RHP Moises Hernandez Jr.
|
Batting: RHB Nick Rigden
|
0-0: Called Strike 0-1: Called Strike 0-2: SINGLE (Line Drive, 56D, EV 100.0 MPH)
|
Batting: RHB Travis Leonard
|
0-0: Called Strike 0-1: Called Strike 0-2: Foul Ball, location: 2F 0-2: SINGLE (Groundball, 6M, EV 105.0 MPH) (infield hit) Nick Rigden to second
|
Batting: RHB Steve Jones
|
0-0: Ball 1-0: Ball 2-0: Called Strike 2-1: Swinging Strike 2-2: Strikes out swinging
|
Batting: SHB Aldo Questi
|
0-0: Foul Ball, location: 2F 0-1: Ball 1-1: Ball 2-1: Foul Ball, location: 2F 2-2: Foul Ball, location: 2F 2-2: Ball 3-2: Foul Ball, location: 2F 3-2: SINGLE (Groundball, 4S, EV 64.4 MPH) (infield hit) Nick Rigden to third Travis Leonard to second
|
Pitching: RHP Aaron Shapiro
|
|
Batting: SHB Jason Hayes
|
0-0: Ball 1-0: Foul Ball, location: 2F 1-1: Called Strike 1-2: Foul Ball, location: 2F 1-2: Ball 2-2: Strikes out swinging
|
Batting: RHB Saimei Kudo
|
0-0: SINGLE (Line Drive, 7S, EV 88.8 MPH) Nick Rigden scores Travis Leonard to third Aldo Questi to second
|
Batting: RHB Rudo Garciaparra
|
0-0: Ground out 4-3 (Groundball, 4, EV 90.0 MPH)
|
Top of the 7th over - 1 run, 4 hits, 0 errors, 3 left on base; Baltimore 4 - Houston 4 |
BOTTOM OF THE 7TH |
Houston Astros batting - Pitching for Baltimore Orioles : LHP Lennart Hjelm
|
Batting: SHB Joe Gardner
|
0-0: Foul Ball, location: 2F 0-1: Ball 1-1: Ball 2-1: Fly out, F9 (Flyball, 89M, EV 81.2 MPH)
|
Batting: LHB Danny Wolver
|
0-0: Ball 1-0: Called Strike 1-1: Foul Ball, location: 2F 1-2: Strikes out looking
|
Batting: RHB Jeremy Trump
|
0-0: Called Strike 0-1: Called Strike 0-2: Ball 1-2: Foul Ball, location: 2F 1-2: Fly out, F9 (Flyball, 9, EV 84.4 MPH)
|
Bottom of the 7th over - 0 runs, 0 hits, 0 errors, 0 left on base; Baltimore 4 - Houston 4 |
TOP OF THE 8TH |
Baltimore Orioles batting - Pitching for Houston Astros : RHP Aaron Shapiro
|
Batting: SHB Robbie Rogers
|
0-0: Ground out 6-3 (Groundball, 6, EV 100.0 MPH)
|
Batting: LHB Brent Albertson
|
0-0: Swinging Strike 0-1: Ball 1-1: Called Strike 1-2: Foul Ball, location: 2F 1-2: Foul Ball, location: 2F 1-2: Strikes out swinging
|
Batting: RHB Nick Rigden
|
0-0: Foul Ball, location: 2F 0-1: Ball 1-1: Ball 2-1: Foul Ball, location: 2F 2-2: Ball 3-2: Foul Ball, location: 2F 3-2: Base on Balls
|
Batting: RHB Travis Leonard
|
0-0: Called Strike 0-1: Ball 1-1: Foul Ball, location: 2F 1-2: Strikes out looking
|
Top of the 8th over - 0 runs, 0 hits, 0 errors, 1 left on base; Baltimore 4 - Houston 4 |
BOTTOM OF THE 8TH |
Houston Astros batting - Pitching for Baltimore Orioles : LHP Lennart Hjelm
|
Pitching: RHP Chris Dauphin
|
|
Batting: LHB Eric Katz
|
0-0: Called Strike 0-1: Fly out, F9 (Line Drive, 89M, EV 105.0 MPH)
|
Batting: LHB Mark Dearth
|
0-0: Ball 1-0: Ball 2-0: Foul Ball, location: 2F 2-1: Foul Ball, location: 2F 2-2: Strikes out swinging
|
Batting: RHB Kyle Davis
|
0-0: Ball 1-0: Ball 2-0: Called Strike 2-1: Ground out 4-3 (Groundball, 4, EV 88.1 MPH)
|
Bottom of the 8th over - 0 runs, 0 hits, 0 errors, 0 left on base; Baltimore 4 - Houston 4 |
TOP OF THE 9TH |
Baltimore Orioles batting - Pitching for Houston Astros : RHP Aaron Shapiro
|
Pitching: LHP Brian Thomas
|
|
Batting: RHB Steve Jones
|
0-0: Swinging Strike 0-1: Swinging Strike 0-2: Foul Ball, location: 2F 0-2: Strikes out swinging
|
Batting: SHB Aldo Questi
|
0-0: Foul Ball, location: 2F 0-1: Ball 1-1: Fly out, F5 (Line Drive, 5, EV 60.6 MPH)
|
Batting: SHB Jason Hayes
|
0-0: Ball 1-0: Called Strike 1-1: Called Strike 1-2: Ground out 5-3 (Groundball, 56S, EV 73.1 MPH)
|
Top of the 9th over - 0 runs, 0 hits, 0 errors, 0 left on base; Baltimore 4 - Houston 4 |
BOTTOM OF THE 9TH |
Houston Astros batting - Pitching for Baltimore Orioles : RHP Chris Dauphin
|
Pitching: RHP Craig Potter
|
|
Batting: LHB Jack Christie
|
0-0: Swinging Strike 0-1: Ball 1-1: Ball 2-1: Fly out, F9 (Flyball, 89M, EV 65.6 MPH)
|
Batting: LHB Josh Birkner
|
0-0: Ball 1-0: Ball 2-0: Foul Ball, location: 2F 2-1: Foul Ball, location: 2F 2-2: Ball 3-2: Base on Balls
|
Batting: SHB Paskar Adegoke
|
0-0: Swinging Strike 0-1: Ball 1-1: Swinging Strike 1-2: Strikes out looking
|
Batting: SHB Joe Gardner
|
0-0: SINGLE (Line Drive, 78S, EV 105.0 MPH) Josh Birkner to second
|
Batting: LHB Danny Wolver
|
0-0: Fly out, F9 (Flyball, 9D, EV 84.4 MPH)
|
Bottom of the 9th over - 0 runs, 1 hit, 0 errors, 2 left on base; Baltimore 4 - Houston 4 |
TOP OF THE 10TH |
Baltimore Orioles batting - Pitching for Houston Astros : LHP Brian Thomas
|
Batting: RHB Saimei Kudo
|
0-0: Swinging Strike 0-1: Foul Ball, location: 2F 0-2: Ball 1-2: Strikes out swinging
|
Batting: RHB Rudo Garciaparra
|
0-0: Ball 1-0: Fly out, F8 (Line Drive, 8RD, EV 92.5 MPH)
|
Batting: SHB Robbie Rogers
|
0-0: Ball 1-0: Foul Ball, location: 2F 1-1: Ground out 4-3 (Groundball, 4, EV 103.8 MPH)
|
Top of the 10th over - 0 runs, 0 hits, 0 errors, 0 left on base; Baltimore 4 - Houston 4 |
BOTTOM OF THE 10TH |
Houston Astros batting - Pitching for Baltimore Orioles : RHP Craig Potter
|
Pitching: RHP Jose Lara
|
|
Batting: RHB Jeremy Trump
|
0-0: Ball 1-0: Ball 2-0: Ball 3-0: Base on Balls
|
Batting: LHB Eric Katz
|
0-0: Called Strike 0-1: Ball 1-1: Swinging Strike 1-2: Strikes out swinging
|
Batting: LHB Mark Dearth
|
0-0: Foul Ball, location: 2F 0-1: Ball 1-1: Called Strike Jeremy Trump steals 2nd base (no throw) 1-2: Ball 2-2: Ball 3-2: Intentional Walk
|
Pinch Hitting: LHB Josh Corkery
|
0-0: Called Strike 0-1: Called Strike 0-2: Fly out, F5 (Popup, 56S, EV 65.6 MPH)
|
Batting: LHB Jack Christie
|
0-0: Ball 1-0: Foul Ball, location: 2F 1-1: Ball 2-1: SINGLE (Line Drive, 6D, EV 100.6 MPH) Jeremy Trump to third Mark Dearth to second
|
Batting: LHB Josh Birkner
|
0-0: Ball 1-0: Foul Ball, location: 2F 1-1: Swinging Strike 1-2: Foul Ball, location: 2F 1-2: Strikes out swinging
|
Bottom of the 10th over - 0 runs, 1 hit, 0 errors, 3 left on base; Baltimore 4 - Houston 4 |
TOP OF THE 11TH |
Baltimore Orioles batting - Pitching for Houston Astros : LHP Brian Thomas
|
Now at C: Mark Marks
|
|
Pinch Hitting: RHB Bobby Ayala
|
0-0: Ball 1-0: Ball 2-0: Foul Ball, location: 2F 2-1: Ball 3-1: Foul Ball, location: 2F 3-2: Fly out, F8 (Flyball, 78D, EV 98.8 MPH)
|
Batting: RHB Nick Rigden
|
0-0: Fly out, F9 (Line Drive, 89M, EV 89.4 MPH)
|
Batting: RHB Travis Leonard
|
0-0: Ball 1-0: Foul Ball, location: 2F 1-1: Ball 2-1: Foul Ball, location: 2F 2-2: Strikes out swinging
|
Top of the 11th over - 0 runs, 0 hits, 0 errors, 0 left on base; Baltimore 4 - Houston 4 |
BOTTOM OF THE 11TH |
Houston Astros batting - Pitching for Baltimore Orioles : RHP Jose Lara
|
Now in LF: Travis Leonard
|
|
Now in CF: Luis Ramos
|
|
Batting: SHB Paskar Adegoke
|
0-0: Called Strike 0-1: Foul Ball, location: 2F 0-2: SINGLE (Flyball, 56D, EV 91.2 MPH)
|
Batting: SHB Joe Gardner
|
0-0: Ball 1-0: Swinging Strike 1-1: Reached on error, E2 (Groundball, 2L, EV 43.8 MPH) Paskar Adegoke to third
|
Batting: LHB Danny Wolver
|
0-0: Ball 1-0: Called Strike 1-1: Foul Ball, location: 2F 1-2: Foul Ball, location: 2F 1-2: Ball 2-2: Strikes out swinging
|
Batting: RHB Jeremy Trump
|
0-0: Ball 1-0: Called Strike 1-1: Called Strike 1-2: Ball 2-2: Foul Ball, location: 2F 2-2: Ball 3-2: Strikes out looking
|
Pitching: RHP Ryuhei Shimabukuro
|
|
Batting: LHB Eric Katz
|
0-0: Ball 1-0: Ball 2-0: Ball 3-0: Called Strike 3-1: Called Strike 3-2: SINGLE (Groundball, 4D, EV 98.8 MPH) Paskar Adegoke scores
|
Bottom of the 11th over - 1 run, 2 hits, 1 error, 2 left on base; Baltimore 4 - Houston 5 |
|